 Dungeon Crawl Stone Soup version 0.18.1-6-gd335043 (webtiles) character file.

32974 MTVSty1e the Fighter (level 13, -1/125 HPs)
             Began as a Minotaur Fighter on May 17, 2016.
             Was an Elder of Trog.
             Engulfed by a cloud of flame (27 damage)
             ... in a volcano.
             The game lasted 00:49:52 (15703 turns).

MTVSty1e the Fighter (Minotaur Fighter)            Turns: 15703, Time: 00:49:52

Health: -1/125     AC: 24    Str: 25    XL:     13   Next: 34%
Magic:  17/17      EV: 10    Int:  5    God:    Trog [****..]
Gold:   734        SH: 14    Dex: 11    Spells: 0 memorised, 12 levels left

rFire  x . .     SeeInvis .     I - +2 hand axe (elec)
rCold  + . .     Gourm    .     D - +0 plate armour
rNeg   . . .     Faith    +     c - +1 shield
rPois  .         Spirit   .     (helmet restricted)
rElec  .         Dismiss  .     e - +0 cloak
rCorr  .         Reflect  .     C - +0 pair of gloves
SustAt .         Harm     .     S - +1 pair of boots
MR     .....                    k - amulet of faith
Stlth  ..........               G - +4 ring of protection
                                i - ring of ice

@: not resistant to hostile enchantments, extremely unstealthy
A: retaliatory headbutt, horns 2
a: Berserk, Trog's Hand, Brothers in Arms, Burn Spellbooks, Renounce Religion


You were in a volcano.
You worshipped Trog.
Trog was greatly pleased with you.
You were not hungry.

You visited 3 branches of the dungeon, and saw 16 of its levels.
You also visited: Volcano.

You collected 944 gold pieces.
You spent 210 gold pieces at shops.

Inventory:

Hand Weapons
 a - a +1 war axe
 l - a +0 war axe of chopping
 y - a +1 trident of venom
 B - a +2 battleaxe
 F - a +3 battleaxe
 I - a +2 hand axe of electrocution (weapon)
 L - a +0 executioner's axe
 N - the +2 rapier "Kutzip" {speed, -Tele rF+ Stlth+}
   (You found it on level 10 of the Dungeon)

   Attacks with this weapon are significantly faster.
   It protects you from fire.
   It prevents most forms of teleportation.
   It makes you more stealthy.
 O - a cursed +2 war axe
Missiles
 Q - 2 steel javelins (quivered)
Armour
 c - a +1 shield (worn)
 e - a +0 cloak (worn)
 g - a +0 shield
 C - a +0 pair of gloves (worn)
 D - a +0 plate armour (worn)
 S - a +1 pair of boots (worn)
 T - a +3 ring mail of fire resistance
Jewellery
 i - a ring of ice (left hand)
 k - an amulet of faith (around neck)
 t - an uncursed amulet of the gourmand
 z - an uncursed amulet of dismissal
 G - a +4 ring of protection (right hand)
Wands
 b - a wand of slowing (32/48)
 m - a wand of iceblast (5/15)
 A - a wand of confusion (17/48)
 E - a wand of paralysis (24/24)
 K - a wand of lightning (9/15)
Scrolls
 q - 2 scrolls of enchant weapon
 s - 2 scrolls of enchant armour
 u - 4 scrolls of remove curse
 w - 3 scrolls of teleportation
 R - a scroll of recharging
Potions
 d - 2 potions of curing
 f - a potion of magic {unknown}
 h - 2 potions of ambrosia
 j - 2 potions of flight
 o - 3 potions of haste
 p - 3 potions of agility
 r - 4 potions of cure mutation
 v - a potion of berserk rage {unknown}
 x - a potion of might
 H - 3 potions of brilliance
 J - 4 potions of lignification
Miscellaneous
 M - a stone of tremors
 P - a fan of gales
Comestibles
 n - 12 royal jellies


   Skills:
 * Level 14.6 Fighting
 + Level 11.2 Axes
 + Level 11.2 Armour
 + Level 9.5 Dodging
 + Level 11.4 Shields
 - Level 7.0 Evocations


You had 12 spell levels left.
You didn't know any spells.

Dungeon Overview and Level Annotations

Branches:
Dungeon (13/15)            Temple (1/1) D:7            Lair (2/8) D:8
    Orc (0/2) D:12         Vaults (0/5) D:13

Altars:
Cheibriados
Dithmenos
Elyvilon
Fedhas
Gozag
Kikubaaqudgha
Makhleb
Okawaru
Pakellas
Qazlal
Ru
Sif Muna
Trog
Vehumet
Zin

Shops:
D:5 !   D:8 [   D:13 ?


Innate Abilities, Weirdness & Mutations

You reflexively headbutt those who attack you in melee.
You have a pair of horns on your head.


Message History

You are engulfed in roaring flames.
You are engulfed in roaring flames.
You start resting.
HP restored.
You start waiting.
You are feeling hungry.
You start waiting.
You are engulfed in roaring flames.
Eat which item? (? for menu, Esc to quit)
You are engulfed in roaring flames.
You continue eating.
You are engulfed in roaring flames.
You continue eating.
You are engulfed in roaring flames.
You finish eating.
That royal jelly was delicious!
You are engulfed in roaring flames.
* * * LOW HITPOINT WARNING * * *
Drink which item? (? for menu, Esc to quit)
You feel better.
You are engulfed in roaring flames.
You die...

####'#'###
##...###§.###
###..≈≈≈##≈§..###
##..≈≈≈≈≈##≈≈≈≈..##
#.≈≈≈≈≈.≈##≈≈§§≈≈.#
#.§≈≈≈.≈≈##≈§§≈≈≈.#
##..≈≈≈≈###≈§≈§§.##
###..≈≈≈#§≈≈§§###
###..###@§###
###'#+### ##.#.###
###.##≈..##
#..##≈≈≈§§#
##.###≈≈≈≈§##
#..##§§≈≈≈≈§#
##.##§≈§≈≈§§#
##)##≈≈§§#


There were no monsters in sight!

Vanquished Creatures
  The ghost of Armakuni the Fighter, a journeyman HuWn of the Shining One (Volcano)
  2 hydras
  Fannar (Lair:2)
  A centaur warrior (D:13)
  2 tengu warriors (D:13)
  3 skeletal warriors
  4 unseen horrors
  A necromancer (D:10)
  2 lindwurms
  A cyclops (D:11)
  2 deep elf magi (D:13)
  A toenail golem (Volcano)
  Joseph (D:7)
  A black mamba (Lair:2)
  Psyche (D:9)
  A guardian serpent (shapeshifter) (D:13)
  3 gargoyles (Volcano)
  A spiny frog (Lair:1)
  A freezing wraith (D:13)
  3 komodo dragons
  2 kobold demonologists
  2 trolls
  2 two-headed ogres (D:9)
  6 slime creatures (D:11)
  2 flying skulls (D:10)
  15 yaks
  A shadow (D:10)
  2 wraiths
  5 fire elementals (Volcano)
  3 wyverns
  2 hungry ghosts
  A basilisk (D:13)
  2 hippogriffs
  A soldier ant (D:13)
  A porcupine (Lair:1)
  2 water moccasins
  5 orc warriors
  2 wasps
  4 ice beasts
  5 phantoms
  5 sky beasts
  A black bear (D:5)
  3 necrophages
  8 ogres
  An eye of draining (D:10)
  8 centaurs
  A crocodile (Lair:2)
  Blork the orc (D:3)
  A gnoll sergeant (D:8)
  11 giant frogs
  A wyvern skeleton (D:13)
  3 wyvern zombies
  3 scorpions
  6 killer bees (D:9)
  23 wights
  An electric eel (Lair:1)
  3 howler monkeys
  3 crimson imps
  A wasp zombie (D:8)
  4 giant frog zombies (D:10)
  9 hounds
  5 centaur zombies
  A quasit (D:9)
  3 centaur skeletons
  2 giant frog skeletons
  5 jellies
  8 orc priests
  18 orc wizards
  10 worker ants
  Natasha (D:4)
  10 iguanas
  2 hell rats (Lair:2)
  3 killer bee zombies
  A hound zombie (D:10)
  3 hound skeletons (D:10)
  A worker ant zombie (D:11)
  Robin (D:4)
  4 gnolls
  2 howler monkey skeletons
  17 river rats
  12 adders
  3 shadow imps
  5 oozes (D:10)
  2 worms
  A dart slug (D:2)
  4 giant geckos
  55 orcs
  3 ball pythons
  3 giant cockroaches
  15 goblins
  12 hobgoblins
  4 jackals
  4 quokkas
  6 bats
  A giant gecko zombie (D:7)
  6 giant newts
  A jackal zombie (D:5)
  2 kobolds (D:2)
  2 quokka skeletons
  2 quokka zombies
  5 rats
  A fire vortex (Volcano)
441 creatures vanquished.

Vanquished Creatures (collateral kills)
  3 skeletal warriors (D:12)
  A sky beast (D:12)
4 creatures vanquished.

Vanquished Creatures (others)
  An orc wizard (D:9)
  2 fire vortices (Volcano)
3 creatures vanquished.

Grand Total: 448 creatures vanquished

Notes
Turn   | Place    | Note
--------------------------------------------------------------
     0 | D:1      | MTVSty1e the Minotaur Fighter began the quest for the Orb.
     0 | D:1      | Reached XP level 1. HP: 19/19 MP: 0/0
     3 | D:1      | Noticed an electric eel
     3 | D:1      | Noticed an electric eel
   123 | D:1      | Reached skill level 4 in Fighting
   123 | D:1      | Reached XP level 2. HP: 27/27 MP: 1/1
   577 | D:1      | Reached XP level 3. HP: 32/34 MP: 2/2
   809 | D:2      | Reached skill level 1 in Dodging
  1012 | D:2      | Found a deep blue altar of Sif Muna.
  1028 | D:2      | Reached XP level 4. HP: 39/41 MP: 3/3
  1225 | D:2      | Found a shadowy altar of Dithmenos.
  1312 | D:3      | Found an ancient bone altar of Kikubaaqudgha.
  1313 | D:3      | Found a blossoming altar of Fedhas.
  2232 | D:4      | Noticed Blork the orc
  2251 | D:3      | Killed Blork the orc
  2251 | D:3      | Reached skill level 5 in Fighting
  2251 | D:3      | Reached XP level 5. HP: 7/48 MP: 4/4
  2707 | D:4      | Reached XP level 6. HP: 46/56 MP: 5/5
  2744 | D:4      | Noticed Natasha
  2745 | D:4      | Noticed Robin
  3043 | D:4      | Killed Natasha
  3127 | D:4      | Killed Robin
  3231 | D:4      | Reached skill level 5 in Armour
  3324 | D:4      | Found a sacrificial altar of Ru.
  3340 | D:4      | Reached skill level 6 in Fighting
  3370 | D:5      | Entered Level 5 of the Dungeon
  3439 | D:5      | Reached XP level 7. HP: 59/64 MP: 6/6
  3559 | D:5      | Found Xifub's Distillery.
  3569 | D:5      | Bought a potion of heal wounds for 70 gold pieces
  3569 | D:5      | Bought a potion of heal wounds for 70 gold pieces
  3569 | D:5      | Bought a potion of heal wounds for 70 gold pieces
  3639 | D:5      | Found a snail-covered altar of Cheibriados.
  3798 | D:5      | Reached skill level 5 in Shields
  4195 | D:5      | Reached skill level 7 in Fighting
  4351 | D:5      | Reached skill level 5 in Axes
  4638 | D:6      | Reached XP level 8. HP: 57/73 MP: 7/7
  5082 | D:7      | Reached skill level 8 in Fighting
  5154 | D:7      | Noticed a troll
  5168 | D:7      | Killed a troll
  5375 | D:7      | Found a burning altar of Makhleb.
  5376 | D:7      | Noticed a blizzard demon
  5380 | D:7      | Noticed an orange demon
  5457 | D:7      | Found a staircase to the Ecumenical Temple.
  5472 | Temple   | Entered the Ecumenical Temple
  5512 | Temple   | Became a worshipper of Trog the Wrathful
  5659 | D:7      | Reached skill level 5 in Dodging
  5966 | D:7      | Reached XP level 9. HP: 81/82 MP: 8/8
  5977 | D:7      | Reached skill level 9 in Fighting
  6150 | D:7      | Noticed Joseph
  6168 | D:7      | Killed Joseph
  6364 | D:8      | Found Kesyvercho's Antique Armour Boutique.
  6603 | D:8      | Reached * piety under Trog
  6708 | D:8      | Found a staircase to the Lair.
  6728 | D:8      | Reached skill level 10 in Fighting
  6812 | D:8      | Found an iron altar of Okawaru.
  6812 | D:8      | Found a stormy altar of Qazlal.
  6882 | D:8      | Found a white marble altar of Elyvilon.
  7025 | D:8      | Reached XP level 10. HP: 94/94 MP: 9/9
  7452 | D:9      | Reached skill level 1 in Evocations
  7577 | D:9      | Found a bloodstained altar of Trog.
  7667 | D:9      | Reached ** piety under Trog
  8060 | D:9      | Reached skill level 11 in Fighting
  8135 | D:9      | Noticed Psyche
  8154 | D:9      | Killed Psyche
  8311 | D:10     | Entered Level 10 of the Dungeon
  8495 | D:10     | Reached *** piety under Trog
  8760 | D:10     | Noticed a necromancer
  8769 | D:10     | Reached XP level 11. HP: 102/102 MP: 11/13
  8789 | D:10     | Killed a necromancer
  8830 | D:10     | Noticed a skeletal warrior
  8836 | D:10     | Reached skill level 5 in Evocations
  8865 | D:10     | Killed a skeletal warrior
  8865 | D:10     | Reached skill level 12 in Fighting
  9396 | D:10     | Got a warped rapier
  9401 | D:10     | Identified the +2 rapier "Kutzip" {speed, -Tele rF+ Stlth+} (You found it on level 10 of the Dungeon)
  9552 | D:10     | Reached **** piety under Trog
  9677 | D:11     | Noticed a six-headed hydra
  9690 | D:11     | Killed a six-headed hydra
  9876 | D:11     | Killed an unseen horror
 10552 | D:11     | Reached XP level 12. HP: 111/113 MP: 14/16
 10958 | D:12     | Reached skill level 10 in Armour
 10993 | D:12     | Found a burning altar of Makhleb.
 11022 | D:12     | Reached skill level 10 in Shields
 11062 | D:12     | Reached ***** piety under Trog
 11097 | D:12     | Received a gift from Trog
 11111 | D:12     | Found a staircase to the Orcish Mines.
 11119 | D:12     | Reached skill level 10 in Axes
 11240 | D:12     | Reached skill level 13 in Fighting
 12114 | D:13     | Noticed a centaur warrior
 12133 | D:13     | Killed a centaur warrior
 12389 | D:13     | Noticed an eight-headed hydra
 12403 | D:13     | Killed an eight-headed hydra
 12735 | D:13     | Found Voecob's Magic Scroll Shop.
 12946 | D:13     | Reached skill level 14 in Fighting
 12959 | D:13     | Found a gate to the Vaults.
 13109 | D:13     | Noticed a tengu warrior
 13114 | D:13     | Noticed a tengu warrior
 13123 | D:13     | Killed a tengu warrior
 13130 | D:13     | Killed a tengu warrior
 13130 | D:13     | Reached XP level 13. HP: 124/124 MP: 17/17
 13740 | Lair:1   | Entered Level 1 of the Lair of Beasts
 14562 | Lair:2   | Noticed Fannar
 14576 | Lair:2   | Killed Fannar
 14678 | Lair:2   | Found a dark tunnel.
 14687 | Volcano  | Entered a volcano
 14950 | Volcano  | Noticed Armakuni's ghost (journeyman HuWn)
 15011 | Volcano  | Killed Armakuni's ghost
 15703 | Volcano  | Engulfed by a cloud of flame

Skill      XL: |  1  2  3  4  5  6  7  8  9 10 11 12 13 |
---------------+----------------------------------------+-----
Fighting       | 4 5 6 7 8 10 11 12 14 | 14.6
Armour         | 4 5 6 7 8 9 10 11 | 11.2
Dodging        | 1 2 3 4 5 6 7 9 |  9.5
Axes           | 3 4 5 6 7 8 9 10 11 | 11.2
Shields        | 4 5 6 7 8 9 11 | 11.4
Evocations     | 4 6 7 |  7.0

Action                   |  1- 3 |  4- 6 |  7- 9 | 10-12 | 13-15 || total
-------------------------+-------+-------+-------+-------+-------++-------
Melee: War axe           |    81 |   139 |   263 |       |       ||   483
       Headbutt          |    13 |    28 |    52 |   150 |    62 ||   305
       Hand axe          |       |       |       |   739 |   274 ||  1013
       Trident           |       |       |       |    26 |       ||    26
Invok: Burn Spellbooks   |       |       |     1 |     1 |       ||     2
       Trog's Hand       |       |       |       |     6 |     3 ||     9
       Berserk           |       |       |       |     6 |     2 ||     8
       Brothers in Arms  |       |       |       |     5 |       ||     5
Evoke: Wand              |       |       |       |     1 |     6 ||     7
  Use: Scroll            |     3 |     3 |     9 |    10 |     7 ||    32
       Potion            |       |     2 |     3 |     3 |     3 ||    11
 Stab: Invisible         |       |       |       |     7 |       ||     7
  Eat: Bread ration      |       |     1 |     3 |     1 |       ||     5
       Meat ration       |       |     1 |       |     3 |     2 ||     6
       Pizza             |       |       |       |     2 |       ||     2
       Beef jerky        |       |       |       |     6 |       ||     6
       Royal jelly       |       |       |       |       |     1 ||     1
Armor: Scale mail        |    45 |    65 |    44 |       |       ||   154
       Plate armour      |       |       |    79 |   370 |    60 ||   509
Dodge: Dodged            |    25 |    48 |    72 |   204 |    54 ||   403
Block: Shield            |    39 |    83 |   167 |   425 |    84 ||   798
